 Dungeon Crawl Stone Soup version 0.19.5 (webtiles) character file.

931 JeffiDaFish the Shield-Bearer (level 8, -5/48 HPs)
             Began as a Gargoyle Fighter on Oct 28, 2017.
             Killed by Freeze
             ... invoked by XNoize's ghost
              (9 damage)
             ... on level 5 of the Dungeon.
             The game lasted 00:14:36 (4915 turns).

JeffiDaFish the Shield-Bearer (Gargoyle Fighter)    Turns: 4915, Time: 00:14:36

Health: -5/48      AC: 19    Str: 20    XL:     8   Next: 11%
Magic:  6/8        EV:  5    Int:  9    God:
Gold:   449        SH: 10    Dex: 11    Spells: 0 memorised, 7 levels left

rFire  . . .     SeeInvis .     a - +1 flail
rCold  . . .     Gourm    .     m - +0 plate armour
rNeg   + . .     Faith    .     c - +0 shield
rPois  ∞         Spirit   .     (no helmet)
rElec  +         Reflect  .     h - +0 cloak
rCorr  .         Harm     .     k - +0 pair of gloves
MR     .....                    (no boots)
Stlth  ..........               (no amulet)
                                (no ring)
                                (no ring)

@: no status effects
A: negative energy resistance 1, electricity resistance, unbreathing,
petrification resistance, rot immunity, AC +5
a: no special abilities


You were on level 5 of the Dungeon.
You were hungry.

You visited 1 branch of the dungeon, and saw 5 of its levels.
You also visited: Ossuary.

You collected 449 gold pieces.

Inventory:

Hand Weapons
 a - a +1 flail (weapon)
Armour
 c - a +0 shield (worn)
 h - a +0 cloak (worn)
 k - a +0 pair of gloves (worn)
 m - a +0 plate armour (worn)
Scrolls
 e - 4 scrolls of identify
 j - a scroll of recharging
Comestibles
 b - 6 chunks of flesh
 f - 2 bread rations
 g - a slice of pizza
 l - a beef jerky
 o - 2 fruits


   Skills:
 + Level 4.5 Fighting
 + Level 5.5 Maces & Flails
 + Level 4.9 Armour
 + Level 1.6 Dodging
 + Level 0.2 Stealth
 + Level 6.7 Shields


You had 7 spell levels left.
You didn't know any spells.

Dungeon Overview and Level Annotations

Branches:
Dungeon (5/15)
 Temple: D:4-7

Altars:

Annotations:
D:5 XNoize's ghost, novice DgIE


Innate Abilities, Weirdness & Mutations

You are resistant to torment.
Your stone body is resilient. (AC +5)
You are immune to poison.
You resist negative energy. (rN+)
You are resistant to electric shocks. (rElec)
You can survive without breathing.
You are immune to petrification.
You are immune to rotting.


Message History

You block XNoize's ghost's attack.
You sock XNoize's ghost!
XNoize's ghost is severely damaged.
XNoize's ghost hits you but does no damage. x2
You hit XNoize's ghost but do no damage.
XNoize's ghost is severely damaged.
XNoize's ghost closely misses you. A chill runs down your spine.
XNoize's ghost gestures at you while chanting.
You are frozen.
* * * LOW HITPOINT WARNING * * *
You completely miss XNoize's ghost.
XNoize's ghost is severely damaged.
You feel yourself speed up.
XNoize's ghost points at you and mumbles some strange words.
You are frozen.
* * * LOW HITPOINT WARNING * * *
XNoize's ghost casts a spell at you.
You are frozen.
You die...

..... ...##..# #.##.
....##..###.##.
..........#<....
..........#.....
........ #..... #..##.#
####..
########+##..##.######..
.......@!.'..........'..
$......W..#......<...#..
#######.###....###.#####
#'###....######
..#...........#
..#.......)...#
..#).....>...)#
...#.............#
###....###.##.#


You could see XNoize's ghost.

Vanquished Creatures
  Eustachio (D:4)
  An ice beast (D:5)
  An ogre (D:4)
  The ghost of JeffiDaFish the Ducker, an amateur SpMo (D:3)
  An elf zombie (Ossuary)
  A crimson imp (D:4)
  2 orc priests (D:4)
  Crazy Yiuf (D:2)
  A bullfrog skeleton (D:4)
  Terence (D:2)
  2 worker ants (D:4)
  2 big kobold zombies (Ossuary)
  2 mummies (Ossuary)
  7 adders
  4 gnolls (D:2)
  3 worms
  A leopard gecko (D:1)
  9 orcs
  A ball python (D:5)
  8 bats
  6 giant cockroaches
  8 goblins
  6 hobgoblins
  6 jackals
  A quokka (D:4)
  A ball python zombie (D:5)
  5 frilled lizards
  4 gnoll zombies (Ossuary)
  2 goblin zombies (Ossuary)
  4 hobgoblin zombies (Ossuary)
  4 kobolds
  A leopard gecko skeleton (D:4)
  An orc zombie (Ossuary)
  2 rats
  A fungus (D:2)
102 creatures vanquished.

Notes
Turn   | Place    | Note
-------+----------+-------------------------------------------
     0 | D:1      | JeffiDaFish the Gargoyle Fighter began the quest for the Orb.
     0 | D:1      | Reached XP level 1. HP: 14/14 MP: 1/1
   191 | D:1      | Reached XP level 2. HP: 18/19 MP: 2/2
   822 | D:2      | Reached XP level 3. HP: 19/23 MP: 3/3
   866 | D:2      | Reached skill level 4 in Shields
  1047 | D:2      | Reached XP level 4. HP: 27/28 MP: 4/4
  1131 | D:2      | Found a runed door.
  1135 | D:2      | Noticed Crazy Yiuf
  1144 | D:2      | Killed Crazy Yiuf
  1464 | D:2      | Noticed Terence
  1480 | D:2      | Killed Terence
  1480 | D:2      | Reached XP level 5. HP: 30/32 MP: 5/5
  1652 | D:3      | Reached skill level 1 in Dodging
  1698 | D:3      | Noticed JeffiDaFish's ghost (amateur SpMo)
  1756 | D:3      | Killed JeffiDaFish's ghost
  1760 | D:3      | Reached skill level 5 in Shields
  1919 | D:3      | Reached XP level 6. HP: 18/38 MP: 6/6
  2758 | D:4      | Found a sand-covered staircase.
  2763 | Ossuary  | Entered an ossuary
  3058 | Ossuary  | Reached XP level 7. HP: 38/43 MP: 7/7
  3889 | D:4      | Reached skill level 5 in Maces & Flails
  3889 | D:4      | Reached skill level 6 in Shields
  3893 | D:4      | Noticed Eustachio
  3923 | D:4      | Killed Eustachio
  4809 | D:5      | Entered Level 5 of the Dungeon
  4867 | D:5      | Noticed XNoize's ghost (novice DgIE)
  4871 | D:5      | Reached XP level 8. HP: 48/48 MP: 8/8
  4881 | D:5      | Paralysed by XNoize's ghost for 3 turns
  4915 | D:5      | Killed from afar by XNoize's ghost

Skill      XL: |  1  2  3  4  5  6  7 |
---------------+----------------------+-----
Shields        | 4 5 6 |  6.7
Maces & Flails | 3 4 5 |  5.5
Dodging        | 1 |  1.6
Armour         | 4 |  4.9
Fighting       | 4 |  4.5
Stealth        | |  0.2

Action                   |  1- 3 |  4- 6 |  7- 9 || total
-------------------------+-------+-------+-------++-------
Melee: Flail             |   122 |   340 |   223 ||   685
  Use: Scroll            |     5 |     3 |     3 ||    11
       Potion            |     1 |     1 |     3 ||     5
  Eat: Chunk             |     1 |     6 |     1 ||     8
       Meat ration       |       |       |     1 ||     1
       Fruit             |       |       |     1 ||     1
Armor: Scale mail        |    62 |   105 |       ||   167
       Plate armour      |       |   141 |   191 ||   332
Dodge: Dodged            |    49 |    94 |    61 ||   204
Block: Shield            |    70 |   208 |   144 ||   422
